AoeStats
← estefanichka

Golden Pit

508373257Analyzed
1v1 RM · 10d ago on Sep 22, 2026· 43m 53s· 2 players
Game mode
Random Map
Map size
Tiny (2 player)
Population
200
Speed
Normal
Resources
Standard
Victory
Conquest
Starting age
Dark Age
Ending age
Imperial Age
RankedLock teamsTeams togetherTeam positionsShared explorationLock speedFull tech treeHidden civsTurbo modeCheats
Victory
Defeat
🇺🇸 Britons · United States
927
+15
🇵🇪 Byzantines · Peru
916
-15
tonyc9096
11:30 Feudal Age
17:27 Loom
21:18 Castle Age
22:42 Stone Mining
23:19 Double-Bit Axe
24:34 Elite Skirmisher
31:26 Fletching
36:40 Imperial Age
34:22 Bodkin Arrow
35:22 Bow Saw
35:21 Pikeman
38:32 Padded Archer Armor
39:19 Conscription
43:15 Bracer
estefanichka
10:17 Feudal Age
8:48 Loom
10:43 Horse Collar
10:54 Double-Bit Axe
15:27 Wheelbarrow
19:51 Castle Age
19:01 Gold Mining
19:35 Fletching
19:46 Padded Archer Armor
21:31 Crossbowman
23:50 Bodkin Arrow
24:10 Leather Archer Armor
25:28 Gold Shaft Mining
32:41 Imperial Age
32:37 Yeomen
35:46 Chemistry
34:57 Masonry
36:07 Hand Cart
37:13 Arbalester
38:14 Bracer
39:58 Conscription
41:39 Ballistics
Connection lost

Rejoining the realm…

Still unreachable

The connection could not be restored.

Session expired

The server has moved on; the page needs a fresh start.